 Dungeon Crawl Stone Soup version 0.21.1-1-g345015f (webtiles) character file.

298 Gwenloh the Vexing (level 6, 0/47 HPs)
             Began as a Gnoll Arcane Marksman on Feb 10, 2018.
             Slain by Edmund
             ... wielding a +4 flail of draining
              (3 damage)
             ... on level 4 of the Dungeon.
             The game lasted 00:21:18 (4410 turns).

Gwenloh the Vexing (Gnoll Arcane Marksman)          Turns: 4410, Time: 00:21:19

Health: 0/47       AC:  6    Str: 13 (14) XL:     6   Next: 36%
Magic:  10/11      EV: 11    Int: 12 (15) God:
Gold:   75         SH:  0    Dex: 13 (16) Spells: 10/11 levels left

rFire    . . .     SeeInvis .   u - +0 flail
rCold    . . .     Gourm    .   (no shield)
rNeg     . . .     Faith    .   o - +0 ring mail
rPois    .         Spirit   .   w - +0 helmet
rElec    .         Reflect  .   (no cloak)
rCorr    .         Harm     .   (no gloves)
MR       .....                  (no boots)
Stlth    +.........             (no amulet)
HPRegen  0.15/turn              (no ring)
MPRegen  0.12/turn              (no ring)

@: heavily drained
A: distributed training, fangs 1, strong nose
a: no special abilities


You were on level 4 of the Dungeon.
You were hungry.

You visited 1 branch of the dungeon, and saw 4 of its levels.

You collected 75 gold pieces.

Inventory:

Hand Weapons
 a - a +0 hand crossbow
 b - a +0 short sword
 n - a +3 dagger
 r - a +0 whip
 u - a +0 flail (weapon)
 x - a +0 hunting sling
 C - a +0 spear
 E - a +0 blowgun
 G - a +0 hand axe
Missiles
 d - 26 bolts
 y - 43 stones (quivered)
 F - 8 poisoned needles
Armour
 e - a +0 robe
 o - a +0 ring mail (worn)
 t - a +0 leather armour
 w - a +0 helmet (worn)
 B - a +0 scale mail
Jewellery
 i - a cursed ring of wizardry {unknown}
Wands
 z - a wand of digging (12)
Scrolls
 h - a scroll of magic mapping {unknown}
 k - 2 scrolls of amnesia {unknown}
 m - 3 scrolls of teleportation {unknown}
 p - a scroll of fog {unknown}
 q - a scroll of blinking {unknown}
 s - 3 scrolls of remove curse {unknown}
 D - 2 scrolls of identify {unknown}
 I - a scroll of enchant armour {unknown}
Potions
 g - 2 potions of degeneration
 j - a potion of heal wounds {unknown}
 l - a potion of flight {unknown}
 v - a potion of lignification {unknown}
 A - a potion of brilliance {unknown}
 H - 2 potions of might {unknown}
Books
 c - a book of Debilitation

   Spells                             Type                      Level
   a - Corona                         Hexes                        1
   b - Slow                           Hexes                        2
   c - Inner Flame                    Hexes/Fire                   3
   d - Portal Projectile              Hexes/Translocation          3
   e - Cause Fear                     Hexes                        4
   f - Leda's Liquefaction            Hexes/Earth                  4
Comestibles
 f - 5 rations


   Skills:
 + Level 3.2(0.5) Fighting
 + Level 1.9(0.0) Short Blades
 + Level 1.9(0.0) Long Blades
 + Level 1.9(0.0) Axes
 + Level 1.9(0.0) Maces & Flails
 + Level 1.9(0.0) Polearms
 + Level 1.9(0.0) Staves
 + Level 1.9(0.0) Slings
 + Level 1.9(0.0) Bows
 + Level 4.9(2.2) Crossbows
 + Level 1.9(0.0) Throwing
 + Level 1.9(0.0) Armour
 + Level 4.9(2.2) Dodging
 + Level 1.9(0.0) Stealth
 + Level 1.9(0.0) Shields
 + Level 1.9(0.0) Unarmed Combat
 + Level 3.4(0.7) Spellcasting
 + Level 1.5(0.0) Conjurations
 + Level 5.6(2.8) Hexes
 + Level 1.5(0.0) Charms
 + Level 1.5(0.0) Summonings
 + Level 1.5(0.0) Necromancy
 + Level 1.5(0.0) Translocations
 + Level 1.5(0.0) Transmutations
 + Level 1.5(0.0) Fire Magic
 + Level 1.5(0.0) Ice Magic
 + Level 1.5(0.0) Air Magic
 + Level 1.5(0.0) Earth Magic
 + Level 1.5(0.0) Poison Magic
 + Level 2.1(0.0) Invocations
 + Level 1.9(0.0) Evocations


You had 10 spell levels left.
You knew the following spells:

 Your Spells              Type           Power        Failure   Level  Hunger
a - Corona                Hex            #......      22%         1    ##.....


Dungeon Overview and Level Annotations

Branches:
Dungeon (4/15)
 Temple: D:4-7

Altars:
Dithmenos
Hepliaklqana

Annotations:
D:4 Edmund


Innate Abilities, Weirdness & Mutations

Your experience applies equally to all skills.
You have very sharp teeth.
Your uncanny sense of smell can sniff out nearby items.


Message History

You hit something but do no damage. Something hits you but does no damage.
You feel drained.
Edmund appears from thin air!
Reactivating autopickup.
Casting: Corona
Confirm with . or Enter, or press ? or * to list all spells.
Aiming: Corona
Press: ? - help, Shift-Dir - straight line, f - Edmund
Aim: Edmund, wielding a flail of draining and wearing a dyed leather armour (chance to defeat MR: 46%) Edmund is outlined in light.
Edmund hits you with a flail of draining.
* * * LOW HITPOINT WARNING * * *
You feel drained.
Quiver which item? (- for none, * to show all) (? for menu, Esc to quit)
Okay, then.
It was a potion of degeneration.
There was something very wrong with that liquid.
You feel weakened.
You feel dopey.
You feel clumsy.
Edmund hits you with a flail of draining.
You die...

###########
#.........#
#.#######.# .....#
#.# #@# .....# #.#
#@# .....# #.# #.#
.....# #.# #.#
.....# #.# #.#
....# #.# #.#
....# #########.#
....# #..(....#
....######.#######


You could see Edmund.

Vanquished Creatures
  A howler monkey (D:2)
  An orc priest (D:3)
  Ijyb (D:3)
  Robin (D:3)
  6 adders
  4 gnolls (D:3)
  A worm (D:2)
  3 dart slugs (D:1)
  2 leopard geckos
  7 orcs
  9 bats
  4 giant cockroaches
  12 goblins
  10 hobgoblins
  11 kobolds
  4 quokkas
  4 frilled lizards
  3 rats
84 creatures vanquished.

Notes
Turn   | Place    | Note
-------+----------+-------------------------------------------
     0 | D:1      | Gwenloh the Gnoll Arcane Marksman began the quest for the Orb.
     0 | D:1      | Reached XP level 1. HP: 17/17 MP: 4/4
   115 | D:1      | Reached XP level 2. HP: 20/23 MP: 2/5
   707 | D:1      | Reached XP level 3. HP: 28/28 MP: 4/7
  1143 | D:2      | Reached skill level 1 in Invocations
  1225 | D:2      | Found a hazy altar of Hepliaklqana.
  1323 | D:2      | Reached skill level 1 in Short Blades
  1323 | D:2      | Reached skill level 1 in Long Blades
  1323 | D:2      | Reached skill level 1 in Axes
  1323 | D:2      | Reached skill level 1 in Maces & Flails
  1323 | D:2      | Reached skill level 1 in Polearms
  1323 | D:2      | Reached skill level 1 in Staves
  1323 | D:2      | Reached skill level 1 in Slings
  1323 | D:2      | Reached skill level 1 in Bows
  1323 | D:2      | Reached skill level 1 in Throwing
  1323 | D:2      | Reached skill level 1 in Armour
  1323 | D:2      | Reached skill level 1 in Stealth
  1323 | D:2      | Reached skill level 1 in Shields
  1323 | D:2      | Reached skill level 1 in Unarmed Combat
  1323 | D:2      | Reached skill level 1 in Evocations
  1323 | D:2      | Reached XP level 4. HP: 21/34 MP: 6/8
  1877 | D:2      | Found a shadowy altar of Dithmenos.
  2421 | D:3      | Noticed Robin
  2448 | D:3      | Killed Robin
  2448 | D:3      | Reached skill level 1 in Conjurations
  2448 | D:3      | Reached skill level 1 in Charms
  2448 | D:3      | Reached skill level 1 in Summonings
  2448 | D:3      | Reached skill level 1 in Necromancy
  2448 | D:3      | Reached skill level 1 in Translocations
  2448 | D:3      | Reached skill level 1 in Transmutations
  2448 | D:3      | Reached skill level 1 in Fire Magic
  2448 | D:3      | Reached skill level 1 in Ice Magic
  2448 | D:3      | Reached skill level 1 in Air Magic
  2448 | D:3      | Reached skill level 1 in Earth Magic
  2448 | D:3      | Reached skill level 1 in Poison Magic
  2474 | D:3      | Reached XP level 5. HP: 10/40 MP: 4/9
  2765 | D:3      | Noticed Ijyb
  2810 | D:3      | Killed Ijyb
  3360 | D:3      | Reached XP level 6. HP: 42/47 MP: 7/10
  4371 | D:4      | Noticed Edmund
  4410 | D:4      | Slain by Edmund

Skill      XL: |  1  2  3  4  5  6 |
---------------+-------------------+-----
Invocations    | 1 2 |  2.1
Short Blades   | 1 |  1.9
Long Blades    | 1 |  1.9
Axes           | 1 |  1.9
Maces & Flails | 1 |  1.9
Polearms       | 1 |  1.9
Staves         | 1 |  1.9
Slings         | 1 |  1.9
Bows           | 1 |  1.9
Throwing       | 1 |  1.9
Armour         | 1 |  1.9
Stealth        | 1 |  1.9
Shields        | 1 |  1.9
Unarmed Combat | 1 |  1.9
Evocations     | 1 |  1.9
Spellcasting   | 3 |  3.4
Conjurations   | 1 |  1.5
Charms         | 1 |  1.5
Summonings     | 1 |  1.5
Necromancy     | 1 |  1.5
Translocations | 1 |  1.5
Transmutations | 1 |  1.5
Fire Magic     | 1 |  1.5
Ice Magic      | 1 |  1.5
Air Magic      | 1 |  1.5
Earth Magic    | 1 |  1.5
Poison Magic   | 1 |  1.5
Fighting       | 3 |  3.2
Crossbows      | |  4.9
Dodging        | |  4.9
Hexes          | |  5.6

Action                   |  1- 3 |  4- 6 || total
-------------------------+-------+-------++-------
Melee: Short sword       |    74 |    43 ||   117
       Bite              |     6 |    19 ||    25
       Flail             |       |   114 ||   114
       Spear             |       |    43 ||    43
 Fire: Hand crossbow     |    20 |       ||    20
       Hunting sling     |       |     8 ||     8
Throw: Stone             |       |     1 ||     1
 Cast: Corona            |    31 |    54 ||    85
  Use: Potion            |       |     1 ||     1
  Eat: Chunk             |     2 |     9 ||    11
Armor: Robe              |     8 |       ||     8
       Ring mail         |    15 |    79 ||    94
Dodge: Dodged            |    74 |   174 ||   248
